PIO (24 & UNDER)
EAU CLAIRE ESQUIRES @ SURREY SINNERS
05/30/2023
 
TOP OF THE 1ST
Eau Claire Esquires batting - Pitching for Surrey Sinners : RHP Larry Stewart
Pitching: RHP Larry Stewart
Batting: RHB Carlos Rea 0-0: Ball
1-0: Ball
2-0: Ball
3-0: Called Strike
3-1: SINGLE (Line Drive, 4MD)
Batting: LHB Michael Cook 0-0: Ball
1-0: Fly out, F2 (Popup, 2LF)
Batting: SHB Víctor Serrano 0-0: Ball
1-0: Ball
2-0: Fielders Choice at 2nd, 4-6 (Groundball, 34)
Batting: LHB Edwin Ryan 0-0: Called Strike
0-1: Ball
1-1: Called Strike
1-2: Ball
2-2: Ground out 6-3 (Groundball, 6)
Top of the 1st over - 0 run(s), 1 hit(s), 0 error(s), 1 left on base; Eau Claire 0 - Surrey 0
BOTTOM OF THE 1ST
Surrey Sinners batting - Pitching for Eau Claire Esquires : LHP Kevin Andrews
Pitching: LHP Kevin Andrews
Batting: RHB Tony Cruz 0-0: Swinging Strike
0-1: Ball
1-1: Foul Ball, location: 2F
1-2: Ball
2-2: Strikes out swinging
Batting: RHB Jesús Hernández 0-0: Called Strike
0-1: Ball
1-1: Ball
2-1: Foul Ball, location: 2F
2-2: Foul Ball, location: 2F
2-2: Ball
3-2: Strikes out looking
Batting: RHB Jesús Gonzáles 0-0: Called Strike
0-1: SINGLE (Line Drive, 4MD)
Batting: LHB Richard Bell 0-0: Fly out, F8 (Flyball, 8RM)
Bottom of the 1st over - 0 run(s), 1 hit(s), 0 error(s), 1 left on base; Eau Claire 0 - Surrey 0
TOP OF THE 2ND
Eau Claire Esquires batting - Pitching for Surrey Sinners : RHP Larry Stewart
Batting: RHB Norm Francis 0-0: Ball
1-0: Ground out 6-3 (Groundball, 6)
Batting: LHB Jorge Fernández 0-0: Ball
1-0: Ball
2-0: Ball
3-0: Base on Balls
Batting: RHB José Ruíz 0-0: Ball
1-0: Ball
2-0: DOUBLE (Line Drive, 89M)
Jorge Fernández to third
Batting: RHB Eric Fuller 0-0: Called Strike
0-1: Ball
1-1: Called Strike
1-2: Strikes out swinging
Batting: SHB Tim Johnson 0-0: Ball
1-0: Ground out 3-1 (Groundball, 34)
Top of the 2nd over - 0 run(s), 1 hit(s), 0 error(s), 2 left on base; Eau Claire 0 - Surrey 0
BOTTOM OF THE 2ND
Surrey Sinners batting - Pitching for Eau Claire Esquires : LHP Kevin Andrews
Batting: RHB Miguel Palácios 0-0: Called Strike
0-1: Ball
1-1: Ground out 6-3 (Groundball, 6)
Batting: RHB Bill Little 0-0: Ball
1-0: Ball
2-0: Foul Ball, location: 2F
2-1: Ball
3-1: Base on Balls
Batting: RHB Carlos Rodríguez 0-0: Foul Ball, location: 2F
0-1: Foul Ball, location: 2F
0-2: Foul Ball, location: 2F
0-2: Ball
1-2: Strikes out swinging
Batting: LHB Edmund Ross 0-0: Ball
1-0: SINGLE (Line Drive, 4MD)
Bill Little to second
Runner from 2nd tries for 3rd, SAFE, throw made to third
Batting: LHB Tanyu Imai 0-0: Ball
1-0: Foul Ball, location: 2F
1-1: Foul Ball, location: 2F
1-2: Foul Ball, location: 2F
1-2: Ground out 1-3 (Groundball, 13S)
Bottom of the 2nd over - 0 run(s), 1 hit(s), 0 error(s), 2 left on base; Eau Claire 0 - Surrey 0
TOP OF THE 3RD
Eau Claire Esquires batting - Pitching for Surrey Sinners : RHP Larry Stewart
Batting: RHB Carlos Rea 0-0: Foul Ball, location: 2F
0-1: Ball
1-1: Hit by Pitch
Batting: LHB Michael Cook 0-0: Called Strike
0-1: Grounds into double play, 4-6-3 (Groundball, 4)
Batting: SHB Víctor Serrano 0-0: Fly out, F7 (Line Drive, 78S)
Top of the 3rd over - 0 run(s), 0 hit(s), 0 error(s), 0 left on base; Eau Claire 0 - Surrey 0
BOTTOM OF THE 3RD
Surrey Sinners batting - Pitching for Eau Claire Esquires : LHP Kevin Andrews
Batting: RHB Tony Cruz 0-0: Called Strike
0-1: Ball
1-1: Swinging Strike
1-2: Foul Ball, location: 2F
1-2: Strikes out swinging
Batting: RHB Jesús Hernández 0-0: SINGLE (Groundball, 56D)
Batting: RHB Jesús Gonzáles 0-0: Ball
1-0: Called Strike
1-1: Called Strike
1-2: Ball
2-2: Ball
3-2: Strikes out looking
Batting: LHB Richard Bell 0-0: Ball
1-0: Ball
Jesús Hernández steals 2nd base
2-0: Ball
3-0: Called Strike
3-1: Fly out, F2 (Popup, 25F)
Bottom of the 3rd over - 0 run(s), 1 hit(s), 0 error(s), 1 left on base; Eau Claire 0 - Surrey 0
TOP OF THE 4TH
Eau Claire Esquires batting - Pitching for Surrey Sinners : RHP Larry Stewart
Batting: LHB Edwin Ryan 0-0: Called Strike
0-1: Swinging Strike
0-2: Foul Ball, location: 2F
0-2: Ball
1-2: Ball
2-2: Strikes out swinging
Batting: RHB Norm Francis 0-0: SINGLE (Groundball, 5L)
Batting: LHB Jorge Fernández 0-0: Ball
1-0: Ball
2-0: Foul Ball, location: 2F
2-1: Fielders Choice at 2nd, 4-6 (Groundball, 34)
Batting: RHB José Ruíz 0-0: Called Strike
0-1: DOUBLE (Line Drive, 7LS)
Jorge Fernández to third
Batting: RHB Eric Fuller 0-0: Called Strike
0-1: Ball
1-1: SINGLE (Groundball, 4MD) (infield hit)
Jorge Fernández scores
José Ruíz to third
Batting: SHB Tim Johnson 0-0: Ball
1-0: Ground out 6-3 (Groundball, 6)
Top of the 4th over - 1 run(s), 3 hit(s), 0 error(s), 2 left on base; Eau Claire 1 - Surrey 0
BOTTOM OF THE 4TH
Surrey Sinners batting - Pitching for Eau Claire Esquires : LHP Kevin Andrews
Batting: RHB Miguel Palácios 0-0: Swinging Strike
0-1: Swinging Strike
0-2: Strikes out swinging
Batting: RHB Bill Little 0-0: Ground out 5-3 (Groundball, 56)
Batting: RHB Carlos Rodríguez 0-0: Called Strike
0-1: Ball
1-1: Foul Ball, location: 2F
1-2: Strikes out swinging
Bottom of the 4th over - 0 run(s), 0 hit(s), 0 error(s), 0 left on base; Eau Claire 1 - Surrey 0
TOP OF THE 5TH
Eau Claire Esquires batting - Pitching for Surrey Sinners : RHP Larry Stewart
Batting: RHB Carlos Rea 0-0: Ball
1-0: Ball
2-0: Ball
3-0: Called Strike
3-1: Swinging Strike
3-2: Base on Balls
Batting: LHB Michael Cook 0-0: Ground out U3 (Groundball, 3S)
Carlos Rea to second
Batting: SHB Víctor Serrano 0-0: Ball
1-0: Foul Ball, location: 2F
1-1: Ball
2-1: Ball
3-1: Base on Balls
Batting: LHB Edwin Ryan 0-0: Ball
1-0: SINGLE (Flyball, 8RS)
Carlos Rea to third
Víctor Serrano to second
Runner from 3rd tries for Home, SAFE, no throw or cutoff
Batting: RHB Norm Francis 0-0: TRIPLE (Line Drive, 7LS)
Víctor Serrano scores
Edwin Ryan scores
Batting: LHB Jorge Fernández 0-0: Intentional Walk
Batting: RHB José Ruíz 0-0: Swinging Strike
0-1: Fly out, F8 (Flyball, 8RM)
Runner from 3rd tags up, SCORES, no throw
Batting: RHB Eric Fuller 0-0: Foul Ball, location: 2F
0-1: Called Strike
0-2: Ball
Jorge Fernández steals 2nd base
1-2: Strikes out swinging
Top of the 5th over - 4 run(s), 2 hit(s), 0 error(s), 1 left on base; Eau Claire 5 - Surrey 0
BOTTOM OF THE 5TH
Surrey Sinners batting - Pitching for Eau Claire Esquires : LHP Kevin Andrews
Batting: LHB Edmund Ross 0-0: Ball
1-0: Swinging Strike
1-1: Ball
2-1: Foul Ball, location: 2F
2-2: Ground out 6-3 (Groundball, 6M)
Batting: LHB Tanyu Imai 0-0: Called Strike
0-1: Ground out 6-3 (Groundball, 56)
Batting: RHB Tony Cruz 0-0: Ground out 1-3 (Groundball, 23)
Bottom of the 5th over - 0 run(s), 0 hit(s), 0 error(s), 0 left on base; Eau Claire 5 - Surrey 0
TOP OF THE 6TH
Eau Claire Esquires batting - Pitching for Surrey Sinners : RHP Larry Stewart
Batting: SHB Tim Johnson 0-0: Ball
1-0: Ball
2-0: Ground out 4-3 (Groundball, 4M)
Batting: RHB Carlos Rea 0-0: Ball
1-0: Foul Ball, location: 2F
1-1: Foul Ball, location: 2F
1-2: Strikes out swinging
Batting: LHB Michael Cook 0-0: Called Strike
0-1: Called Strike
0-2: Strikes out looking
Top of the 6th over - 0 run(s), 0 hit(s), 0 error(s), 0 left on base; Eau Claire 5 - Surrey 0
BOTTOM OF THE 6TH
Surrey Sinners batting - Pitching for Eau Claire Esquires : LHP Kevin Andrews
Batting: RHB Jesús Hernández 0-0: Called Strike
0-1: Called Strike
0-2: Ball
1-2: Strikes out swinging
Batting: RHB Jesús Gonzáles 0-0: Called Strike
0-1: Ball
1-1: Foul Ball, location: 2F
1-2: Ball
2-2: Ground out 4-3 (Groundball, 4)
Batting: LHB Richard Bell 0-0: Ball
1-0: Ball
2-0: Ground out U3 (Groundball, 3L)
Bottom of the 6th over - 0 run(s), 0 hit(s), 0 error(s), 0 left on base; Eau Claire 5 - Surrey 0
TOP OF THE 7TH
Eau Claire Esquires batting - Pitching for Surrey Sinners : RHP Larry Stewart
Pitching: RHP Allen Bannatyne
Batting: SHB Víctor Serrano 0-0: Ball
1-0: Called Strike
1-1: Swinging Strike
1-2: Foul Ball, location: 2F
1-2: Ball
2-2: Ball
3-2: Foul Ball, location: 2F
3-2: Strikes out swinging
Batting: LHB Edwin Ryan 0-0: Foul Ball, location: 2F
0-1: Ground out 4-3 (Groundball, 4)
Batting: RHB Norm Francis 0-0: Ball
1-0: Ball
2-0: Ball
3-0: Called Strike
3-1: Swinging Strike
3-2: Foul Ball, location: 2F
3-2: Base on Balls
Batting: LHB Jorge Fernández 0-0: Ball
1-0: Ball
2-0: Ball
3-0: Called Strike
3-1: Swinging Strike
3-2: Foul Ball, location: 2F
3-2: Foul Ball, location: 2F
3-2: Base on Balls
Norm Francis to second
Batting: RHB José Ruíz 0-0: Called Strike
0-1: Foul Ball, location: 2F
0-2: SINGLE (Groundball, 34D)
Norm Francis to third
Jorge Fernández to second
Runner from 3rd tries for Home, SAFE, no throw or cutoff
Batting: RHB Eric Fuller 0-0: Ball
1-0: Called Strike
1-1: Swinging Strike
1-2: Foul Ball, location: 2F
1-2: SINGLE (Line Drive, 34D)
Jorge Fernández to third
José Ruíz to second
Runner from 3rd tries for Home, SAFE, no throw or cutoff
Batting: SHB Tim Johnson 0-0: Ball
1-0: Ground out 4-3 (Groundball, 4)
Top of the 7th over - 2 run(s), 2 hit(s), 0 error(s), 2 left on base; Eau Claire 7 - Surrey 0
BOTTOM OF THE 7TH
Surrey Sinners batting - Pitching for Eau Claire Esquires : LHP Kevin Andrews
Batting: RHB Miguel Palácios 0-0: Called Strike
0-1: Fly out, F8 (Flyball, 8LM)
Batting: RHB Bill Little 0-0: DOUBLE (Flyball, 78M)
Batting: RHB Carlos Rodríguez 0-0: Ball
1-0: Called Strike
1-1: Reached on error, E6 (Groundball, 6)
Bill Little scores
Pitching: RHP Mike Frank
Batting: LHB Edmund Ross 0-0: Fly out, F8 (Line Drive, 8RXD)
Runner from 2nd tags up, SAFE at 3rd, no throw
Batting: LHB Tanyu Imai 0-0: Ball
1-0: Foul Ball, location: 2F
1-1: SINGLE (Line Drive, 3D)
Carlos Rodríguez scores
Batting: RHB Tony Cruz 0-0: Called Strike
0-1: Ball
1-1: Called Strike
1-2: Strikes out looking
Bottom of the 7th over - 2 run(s), 2 hit(s), 1 error(s), 1 left on base; Eau Claire 7 - Surrey 2
TOP OF THE 8TH
Eau Claire Esquires batting - Pitching for Surrey Sinners : RHP Allen Bannatyne
Batting: RHB Carlos Rea 0-0: Ball
1-0: Called Strike
1-1: Foul Ball, location: 2F
1-2: Strikes out swinging
Batting: LHB Michael Cook 0-0: Ball
1-0: Ball
2-0: Ball
3-0: Called Strike
3-1: Base on Balls
Batting: SHB Víctor Serrano 0-0: Ball
1-0: Called Strike
Michael Cook steals 2nd base
1-1: Ball
2-1: Ground out 6-3 (Groundball, 6)
Michael Cook to third
Batting: LHB Edwin Ryan 0-0: Called Strike
0-1: DOUBLE (Line Drive, 7LS)
Michael Cook scores
Batting: RHB Norm Francis 0-0: Called Strike
0-1: Ball
1-1: Ground out 6-3 (Groundball, 6)
Top of the 8th over - 1 run(s), 1 hit(s), 0 error(s), 1 left on base; Eau Claire 8 - Surrey 2
BOTTOM OF THE 8TH
Surrey Sinners batting - Pitching for Eau Claire Esquires : RHP Mike Frank
Batting: RHB Jesús Hernández 0-0: Called Strike
0-1: Ball
1-1: Ball
2-1: Swinging Strike
2-2: Strikes out swinging
Batting: RHB Jesús Gonzáles 0-0: Ball
1-0: Called Strike
1-1: Ball
2-1: Ground out 5-3 (Groundball, 5S)
Batting: LHB Richard Bell 0-0: Ball
1-0: Ball
2-0: Ball
3-0: Base on Balls
Batting: RHB Miguel Palácios 0-0: Ball
1-0: DOUBLE (Flyball, 7D)
Richard Bell to third
Batting: RHB Bill Little 0-0: Swinging Strike
0-1: Ball
1-1: Swinging Strike
1-2: Foul Ball, location: 2F
1-2: Strikes out swinging
Bottom of the 8th over - 0 run(s), 1 hit(s), 0 error(s), 2 left on base; Eau Claire 8 - Surrey 2
TOP OF THE 9TH
Eau Claire Esquires batting - Pitching for Surrey Sinners : RHP Allen Bannatyne
Pitching: LHP Luis Perea
Batting: LHB Jorge Fernández 0-0: Ball
1-0: Ball
2-0: Ground out 3-1 (Groundball, 3)
Batting: RHB José Ruíz 0-0: Foul Ball, location: 2F
0-1: Swinging Strike
0-2: Foul Ball, location: 2F
0-2: Ball
1-2: Strikes out swinging
Batting: RHB Eric Fuller 0-0: SINGLE (Line Drive, 9S)
Batting: SHB Tim Johnson 0-0: Ball
1-0: Ball
2-0: Called Strike
2-1: Ground out 4-3 (Groundball, 4)
Top of the 9th over - 0 run(s), 1 hit(s), 0 error(s), 1 left on base; Eau Claire 8 - Surrey 2
BOTTOM OF THE 9TH
Surrey Sinners batting - Pitching for Eau Claire Esquires : RHP Mike Frank
Pitching: RHP Ignacio Torres
Batting: RHB Carlos Rodríguez 0-0: Called Strike
0-1: Ball
1-1: Ball
2-1: Called Strike
2-2: Strikes out swinging
Batting: LHB Edmund Ross 0-0: Called Strike
0-1: Fly out, F9 (Flyball, 9LM)
Batting: LHB Tanyu Imai 0-0: Called Strike
0-1: Ball
1-1: Foul Ball, location: 2F
1-2: Ball
2-2: Foul Ball, location: 2F
2-2: Foul Ball, location: 2F
2-2: Foul Ball, location: 2F
2-2: Ground out 4-3 (Groundball, 34)
Bottom of the 9th over - 0 run(s), 0 hit(s), 0 error(s), 0 left on base; Eau Claire 8 - Surrey 2
This league is powered by Out of the Park Baseball, the baseball management simulation game for PC, Mac and Linux
Wednesday, December 2nd, 2015 - OOTP Baseball 16.8 Build 38